Map: Whispers of Gold

Players

Lucian

  • Race: Protoss Protoss
  • League: Diamond
  • Spawn Location: 5:00

wootwoot - Winner!

  • Race: Zerg Zerg
  • League: Diamond
  • Spawn Location: 9:00

VOD

Have the link to the VOD?

Description

Time

  • Played on: April 22, 2025, 5:22 a.m.
  • Length: 2:45
Show
View Real Time Build Order
Export as new Build Order

Lucian Protoss 

Build Orders: 1 Gate Expand 

Get SALT Encoding   

  12  0:00  Probe  
  13  0:12  Probe  
  14  0:18  Pylon  
  14  0:24  Probe  
  15  0:37  Probe  
  15  0:39  Gateway  
  16  0:49  Probe  
  17  1:10  Nexus  
  17  1:13  Probe  
  18  1:25  Probe  
  18  1:27  Cybernetics Core  
  19  1:33  Assimilator  
  19  1:37  Probe  
  20  1:41  Assimilator  
  20  1:46  Probe  
  20  1:47  Pylon  
  21  1:54  Probe  
  22  2:04  Probe  
  24  2:25  Shield Battery  
Show
View Real Time Build Order
Export as new Build Order

wootwoot Zerg - Winner!

Build Orders: 1 Base Baneling Bust, Pool Only 

Get SALT Encoding   

  12  0:00  Drone  
  13  0:09  Extractor  
  12  0:25  Spawning Pool  
  11  0:30  Drone  
  13  0:35  Drone  
  13  0:49  Overlord  
  13  1:12  Zergling x6  
  13  1:13  Metabolic Boost  
  16  1:23  Zergling x2  
  17  1:34  Zergling x2  
  18  1:40  Queen  
  18  1:46  Zergling x2  
  21  2:04  Baneling Nest  
  21  2:08  Zergling x4  
Tags
 
Add a new tag
Caveats
  • Supply blocks, unpowered buildings, or Contaminate may cause inaccurate times.
  • Supply counts are checked every 10 seconds.